 Dungeon Crawl Stone Soup version 0.26.1-11-gd32895ea62 (webtiles) character file.

Game seed: 11193028669201484959

93081 oldpz the Peltast (level 15, -21/139 HPs)
             Began as a Minotaur Fighter on June 16, 2021.
             Was a High Priest of Makhleb.
             Killed from afar by a shock serpent (26 damage)
             ... with a bolt of electricity
             ... on level 2 of the Lair of Beasts.
             The game lasted 01:54:06 (23865 turns).

oldpz the Peltast (Minotaur Fighter)               Turns: 23865, Time: 01:54:06

Health: -21/139    AC: 33    Str: 27    XL:     15   Next: 59%
Magic:  17/18      EV: 15    Int: 12    God:    Makhleb [*****.]
Gold:   1532       SH: 16    Dex: 15    Spells: 14/14 levels left

rFire    x . .     SeeInvis +   J - +4 war axe (vorpal)
rCold    + + .     Faith    .   w - +1 kite shield {AC+3}
rNeg     . . .     Spirit   .   S - +7 plate armour "Tiurph" {Harm rC+}
rPois    +         Reflect  .   L - +1 hat {Int+3}
rElec    .         Harm     +   p - +0 cloak
rCorr    .         Rampage  .   W - +0 pair of gloves
Will     +....                  k - +1 pair of boots
Stlth    ..........             R - amulet of Deoblepni {+Blink +Fly rF- Regen+ Int+4}
HPRegen  0.73/turn              i - ring of Avutazu {rPois rC+ Dex+3 SInv}
MPRegen  0.16/turn              (no ring)

@: studying 2 skills
A: retaliatory headbutt, horns 2, agile 1, no potion heal 1
a: Renounce Religion, Evoke Blink, Evoke Flight, Minor Destruction, Lesser
Servant of Makhleb, Major Destruction, Greater Servant of Makhleb


You were on level 2 of the Lair of Beasts.
You worshipped Makhleb.
Makhleb was extremely pleased with you.
You visited 3 branches of the dungeon, and saw 22 of its levels.
You also visited: Bailey.

You collected 1532 gold pieces.

Inventory:

Hand Weapons
 m - a +3 vorpal battleaxe
 t - a +1 whip of flaming
 v - a +1 hand axe of electrocution
 D - the +10 bardiche of Unreason {vorpal, +Rage rElec Dex-3 SInv, unknown}
   (You found it in a bailey)

   It inflicts extra damage upon your enemies.
   It affects your dexterity (-3).
   It insulates you from electricity.
   It lets you see invisible.
   It lets you go berserk.
 J - a +4 vorpal war axe (weapon)
Armour
 k - a +1 pair of boots (worn)
 p - a +0 cloak (worn)
 w - a +1 kite shield of protection (worn)
 G - +0 acid dragon scales
 L - a +1 hat of intelligence (worn)
 S - the +7 plate armour "Tiurph" (worn) {Harm rC+}
   (You acquired it on level 6 of the Lair of Beasts)

   It protects you from cold.
   It increases damage dealt and taken.
 W - a +0 pair of gloves (worn)
Jewellery
 d - an uncursed ring of positive energy
 h - a +6 ring of strength {unknown}
 i - the ring of Avutazu (left hand) {rPois rC+ Dex+3 SInv}
   (You acquired it on level 3 of the Lair of Beasts)

   [ring of poison resistance]

   It affects your dexterity (+3).
   It protects you from cold.
   It protects you from poison.
   It lets you see invisible.
 x - an uncursed ring of stealth
 y - an uncursed amulet of reflection
 C - an uncursed amulet of guardian spirit
 E - an uncursed ring of ice
 R - the amulet of Deoblepni (around neck) {+Blink +Fly rF- Regen+ Int+4}
   (You found it on level 6 of the Lair of Beasts)

   [amulet of regeneration]

   It affects your intelligence (+4).
   It makes you vulnerable to fire.
   It lets you fly.
   It lets you blink.
   It increases your rate of regeneration.
Wands
 n - a wand of digging (4)
 H - a wand of disintegration (30)
 K - a wand of random effects (20)
 N - a wand of flame (51)
 P - a wand of acid (30)
Scrolls
 a - a scroll of brand weapon {unknown}
 b - 2 scrolls of immolation
 g - 4 scrolls of fog
 j - 6 scrolls of amnesia
 z - 5 scrolls of remove curse
 A - 5 scrolls of teleportation
 F - a scroll of magic mapping
 I - a scroll of blinking
 Q - a scroll of fear
 Y - a scroll of torment
Potions
 c - a potion of resistance
 e - 5 potions of lignification
 f - 2 potions of haste
 q - a potion of berserk rage
 r - 4 potions of flight
 s - a potion of ambrosia
 u - 2 potions of curing
 M - a potion of cancellation
 U - a potion of invisibility
 V - a potion of experience {unknown}
 X - a potion of magic
 Z - a potion of brilliance
Books
 l - a manual of Fighting
 O - a manual of Shields


   Skills:
 + Level 14.8 Fighting
 + Level 13.9 Axes
 + Level 14.2 Armour
 + Level 12.7 Dodging
 + Level 16.4 Shields
 - Level 5.7 Invocations
 - Level 8.0 Evocations


You had 14 spell levels left.
You didn't know any spells.
Your spell library contained the following spells:

 Spells                   Type           Power        Failure   Level
 Beastly Appendage        Tmut           0%           92%         1
 Sandblast                Erth           0%           92%         1
 Summon Small Mammal      Summ           0%           92%         1
 Blink                    Tloc           N/A          98%         2
 Call Imp                 Summ           0%           98%         2
 Passwall                 Tmut/Erth      0%           98%         2
 Wereblood                Tmut           0%           98%         2
 Call Canine Familiar     Summ           0%           100%        3
 Confusing Touch          Hex            0%           100%        3
 Gell's Gravitas          Tloc           0%           100%        3
 Lesser Beckoning         Tloc           0%           100%        3
 Spider Form              Tmut/Pois      0%           100%        3
 Stone Arrow              Conj/Erth      0%           100%        3
 Summon Guardian Golem    Hex/Summ       0%           100%        3
 Teleport Other           Tloc           0%           100%        3
 Ice Form                 Ice/Tmut       0%           100%        4
 Passage of Golubria      Tloc           N/A          100%        4
 Petrify                  Tmut/Erth      0%           100%        4
 Summon Ice Beast         Ice/Summ       0%           100%        4
 Summon Lightning Spire   Summ/Air       0%           100%        4
 Blade Hands              Tmut           0%           100%        5
 Lee's Rapid Deconstruct  Erth           0%           100%        5
 Metabolic Englaciation   Hex/Ice        0%           100%        5
 Yara's Violent Unravell  Hex/Tmut       0%           100%        5


Dungeon Overview and Level Annotations

Branches:
Dungeon (15/15)            Temple (0/1) D:6            Lair (6/6) D:10
 Shoals (0/4) Lair:2        Snake (1/4) Lair:2        Slime (0/5) Lair:6
    Orc (0/2) D:9          Vaults (0/5) D:14         Depths (0/5) D:15
 Bailey (visited)

Altars:
Ashenzari
Cheibriados
Dithmenos
Elyvilon
Gozag
Makhleb
Nemelex Xobeh
Qazlal
Ru
Sif Muna
Trog
Uskayaw
Wu Jian
Xom
Yredelemnul
Jiyva

Shops:
D:4 [*(   D:6 (

Annotations:
D:5 2 transporters, PanSaczeczos's ghost, novice DsEE
D:10 2 transporters
D:15 Roxanne
Lair:1 exclusion: 3 oklob plants


Innate Abilities, Weirdness & Mutations

You reflexively headbutt those who attack you in melee.
You have a pair of horns on your head.
You are agile. (Dex +2)
Potions are less effective at restoring your health.


Message History

* * * LOW HITPOINT WARNING * * *
You see here 9 stones.
You feel less invigorated.
You feel less confused.
The shock serpent shoots out a bolt of lightning at you!
The bolt of electricity hits you but does no damage.
The bolt of electricity hits you!
* * * LOW HITPOINT WARNING * * *
The shock serpent shoots out a bolt of lightning at you!
The bolt of electricity misses you.
The shock serpent shoots out a bolt of lightning at you!
The bolt of electricity hits you!
* * * LOW HITPOINT WARNING * * *
Okay, then.
You blink.
The shock serpent shoots out a bolt of lightning at you!
The bolt of electricity hits you but does no damage.
The shock serpent shoots out a bolt of lightning at you!
The bolt of electricity hits you!!
You die...

.##...#..P....................)..
.................................
.............)...................
..........)......................
.................................
.................................
....######..#....................
....# #..#.....................
....# ##.##...@................
....# #...#..................†
....# ###...###.................
....####.......#§................
.)..#P##.......#.................
...)...........S.................
.#..##.....>..(..#...............
.###..............##.#...........
.###...#.......#.#######.....###.


You could see a shock serpent (misshapen).

Vanquished Creatures
  Snorg (D:11)
  The ghost of PanSaczeczos the Frost Mage, a journeyman MfIE of Uskayaw (Lair:4)
  Josephine (Lair:6)
  A boulder beetle (D:12)
  7 vault guards (D:14)
  Fannar (Lair:1)
  3 hydras
  Harold (Lair:1)
  A catoblepas (Lair:6)
  An anaconda (Snake:1)
  5 two-headed ogres
  11 death yaks
  4 tengu warriors
  Nergalle (D:10)
  3 skeletal warriors (D:13)
  An unseen horror (shapeshifter) (D:13)
  An unseen horror (D:12)
  Pikel (D:8)
  A deep elf archer (D:15)
  A naga ritualist (Snake:1)
  A harpy (shapeshifter) (D:15)
  A wolf spider (shapeshifter) (D:15)
  3 mana vipers
  An oklob plant (Lair:2)
  3 ugly things
  19 elephants
  A cyclops (D:11)
  13 black mambas
  A merfolk siren (Lair:2)
  2 centaur zombies
  5 manticores
  Psyche (D:8)
  5 torpor snails
  7 cane toads
  5 centaur skeletons
  2 rime drakes
  11 komodo dragons
  5 trolls
  2 merfolk (Lair:2)
  A tengu conjurer (D:13)
  A polar bear (Lair:5)
  3 hornets
  12 blink frogs
  4 slime creatures (D:12)
  Prince Ribbit (D:6)
  2 shadows
  5 wyverns
  A yak (shapeshifter) (D:15)
  3 wraiths (Lair:6)
  3 basilisks
  69 yaks
  2 vampire mosquitoes (D:14)
  2 nagas (Lair:2)
  A two-headed ogre zombie (D:9)
  5 water moccasins
  3 acid dragons
  9 orc warriors
  An ice beast (D:7)
  3 phantoms
  5 sky beasts
  3 ogres
  17 centaurs
  4 wolves (Lair:1)
  A lemure (D:8)
  2 big kobolds
  Blork the orc (D:6)
  14 bullfrogs
  2 wyvern zombies
  3 wyvern skeletons
  A hornet simulacrum (D:15)
  2 scorpions
  5 killer bees
  A troll zombie (D:9)
  2 vampire bats (Lair:6)
  8 wights (D:12)
  A howler monkey (D:9)
  3 bullfrog zombies
  A bullfrog skeleton (D:12)
  5 orc priests
  10 hounds
  2 jellies
  An iguana (D:10)
  4 hell rats
  10 orc wizards
  10 worker ants
  2 killer bee zombies
  6 ogre zombies (D:9)
  A hound zombie (D:11)
  A hound skeleton (D:5)
  4 worker ant zombies
  16 adders
  4 gnolls
  A howler monkey skeleton (D:8)
  7 river rats
  2 shadow imps
  5 white imps
  2 ufetubi
  2 oozes (D:1)
  A dart slug (D:3)
  10 leopard geckos
  40 orcs
  16 bats
  10 giant cockroaches
  16 goblins
  6 hobgoblins
  6 jackals
  11 kobolds
  A quokka (D:4)
  A ball python (D:2)
  4 frilled lizards
  3 goblin skeletons (D:9)
  3 goblin zombies (D:9)
  A hobgoblin skeleton (D:9)
  3 hobgoblin zombies (D:9)
  A jackal skeleton (D:5)
  A jackal zombie (D:8)
  An orc skeleton (D:9)
  14 orc zombies (D:9)
  13 rats
  A spectral orc (D:8)
  A butterfly (Lair:3)
601 creatures vanquished.

Vanquished Creatures (collateral kills)
  Gastronok (Lair:2)
  An ettin (D:14)
  2 hydras
  A vault guard (D:14)
  Erica (Lair:1)
  2 catoblepae (Lair:6)
  A death yak (Lair:6)
  A tengu warrior (D:15)
  An ogre mage (D:14)
  Sonja (D:10)
  An ugly thing (D:12)
  A cyclops (D:15)
  3 manticores
  5 elephants
  A rime drake (Lair:5)
  4 komodo dragons
  A merfolk (Lair:2)
  A tengu conjurer (D:15)
  A polar bear (Lair:5)
  4 blink frogs
  A wraith (Lair:6)
  A wyvern (D:10)
  8 yaks
  7 basilisks
  A vampire mosquito (D:14)
  A water moccasin (Lair:6)
  An acid dragon (D:15)
  4 orc warriors (Bailey)
  4 centaurs
  A wight (D:12)
  A hound (D:13)
  A hell rat (Lair:5)
  3 river rats
  8 orcs (Bailey)
76 creatures vanquished.

Vanquished Creatures (others)
  A centaur (D:15)
  An orc (D:13)
  A kobold (D:9)
  29 fungi
  39 plants
71 creatures vanquished.

Grand Total: 748 creatures vanquished

Notes
Turn   | Place    | Note
-------+----------+-------------------------------------------
     0 | D:1      | oldpz the Minotaur Fighter began the quest for the Orb.
     0 | D:1      | Reached XP level 1. HP: 19/19 MP: 0/0
    63 | D:1      | Reached XP level 2. HP: 27/27 MP: 1/1
   279 | D:1      | Reached skill level 4 in Shields
   292 | D:1      | Reached XP level 3. HP: 33/33 MP: 2/2
   621 | D:2      | Reached skill level 1 in Dodging
   866 | D:2      | Found a shimmering altar of Xom.
   953 | D:2      | Reached XP level 4. HP: 40/40 MP: 3/3
  1638 | D:2      | Gained mutation: Potions are less effective at restoring
                  | your health. [potion of mutation]
  1638 | D:2      | Gained mutation: You are agile. (Dex +2) [potion of
                  | mutation]
  1817 | D:3      | Reached XP level 5. HP: 45/47 MP: 4/4
  2118 | D:3      | Found a burning altar of Makhleb.
  2118 | D:3      | Found a hide-covered altar of Uskayaw.
  2118 | D:3      | Found a white marble altar of Elyvilon.
  2275 | D:3      | Found a sparkling altar of Nemelex Xobeh.
  2275 | D:3      | Found a shadowy altar of Dithmenos.
  2308 | D:3      | Became a worshipper of Makhleb the Destroyer
  2339 | D:3      | Found an ornate altar of the Wu Jian Council.
  2526 | D:4      | Found Pekaah's Antique Armour Emporium.
  2664 | D:4      | Noticed an ogre
  2669 | D:4      | Killed an ogre
  2670 | D:4      | Reached skill level 5 in Fighting
  2806 | D:4      | Reached XP level 6. HP: 51/56 MP: 5/5
  3019 | D:4      | Reached skill level 5 in Armour
  3127 | D:4      | Found Iseng's Assorted Antiques.
  3250 | D:4      | Found Menge's Antique Weapon Shop.
  3486 | D:5      | Entered Level 5 of the Dungeon
  3541 | D:5      | Reached skill level 5 in Shields
  3966 | D:5      | Reached XP level 7. HP: 56/61 MP: 6/6
  4010 | D:5      | Noticed PanSaczeczos's ghost (novice DsEE)
  4015 | D:5      | Found a transporter.
  4028 | D:5      | Found a transporter.
  4261 | D:5      | Found a bloodstained altar of Trog.
  4262 | D:5      | Found a broken altar of Ashenzari.
  4381 | D:6      | Found a shimmering blue altar of Sif Muna.
  4545 | D:6      | Reached skill level 5 in Axes
  4579 | D:6      | Noticed Blork the orc
  4590 | D:6      | Killed Blork the orc
  4784 | D:6      | Reached skill level 6 in Shields
  4986 | D:6      | Found a staircase to the Ecumenical Temple.
  5069 | D:6      | Found Ogiatt's Weapon Shoppe.
  5096 | D:5      | Reached XP level 8. HP: 58/71 MP: 7/7
  5237 | D:6      | Found a sacrificial altar of Ru.
  5464 | D:7      | Noticed Prince Ribbit
  5639 | D:6      | Reached * piety under Makhleb
  5797 | D:7      | Noticed a hornet
  5928 | D:6      | Killed Prince Ribbit
  5929 | D:6      | Reached skill level 5 in Dodging
  5929 | D:6      | Reached skill level 7 in Shields
  6351 | D:6      | Killed a hornet
  6352 | D:6      | Reached XP level 9. HP: 39/79 MP: 8/8
  6621 | D:7      | Paralysed by a hornet for 1 turns
  6840 | D:8      | Noticed Pikel
  6859 | D:8      | Killed Pikel
  6860 | D:8      | Reached skill level 1 in Invocations
  6959 | D:8      | Found a basalt altar of Yredelemnul.
  6990 | D:8      | Noticed a troll
  7008 | D:8      | Noticed Psyche
  7013 | D:8      | Noticed a two-headed ogre
  7113 | D:8      | Killed a troll
  7114 | D:8      | Reached skill level 8 in Shields
  7173 | D:8      | Killed Psyche
  7361 | D:8      | Reached ** piety under Makhleb
  7407 | D:8      | Found an opulent altar of Gozag.
  7534 | D:8      | Killed a two-headed ogre
  7535 | D:8      | Reached XP level 10. HP: 90/90 MP: 9/11
  7945 | D:9      | Found a staircase to the Orcish Mines.
  8075 | D:9      | Reached *** piety under Makhleb
  8579 | D:10     | Entered Level 10 of the Dungeon
  8690 | D:10     | Noticed Sonja
  9352 | D:10     | Reached skill level 9 in Shields
  9390 | D:10     | Noticed Nergalle
  9419 | D:10     | Killed Nergalle
  9870 | D:10     | Found a transporter.
 10012 | D:10     | Found a transporter.
 10696 | D:10     | Found a staircase to the Lair.
 10722 | Lair:1   | Entered Level 1 of the Lair of Beasts
 10785 | Lair:1   | Reached XP level 11. HP: 99/99 MP: 13/13
 10829 | Lair:1   | Noticed Fannar
 10864 | Lair:1   | Killed Fannar
 11218 | Lair:1   | Reached skill level 5 in Invocations
 11462 | Lair:1   | Reached skill level 10 in Fighting
 11481 | Lair:1   | Noticed an oklob plant
 11481 | Lair:1   | Noticed an oklob plant
 11481 | Lair:1   | Noticed an oklob plant
 11665 | Lair:1   | Noticed Harold
 11692 | Lair:1   | Killed Harold
 11693 | Lair:1   | Reached skill level 10 in Armour
 11693 | Lair:1   | Reached skill level 10 in Shields
 11854 | Lair:2   | Found a staircase to the Snake Pit.
 12230 | Lair:2   | Noticed Erica
 12263 | Lair:1   | Killed Erica
 12620 | Lair:2   | Reached skill level 10 in Axes
 12627 | Lair:2   | Reached skill level 1 in Evocations
 12650 | Lair:2   | Found a staircase to the Shoals.
 12656 | Lair:2   | Noticed an oklob plant
 12928 | Lair:2   | Noticed Gastronok
 12967 | Lair:2   | Killed Gastronok
 12968 | Lair:2   | Reached XP level 12. HP: 72/108 MP: 12/15
 14070 | Lair:3   | Reached skill level 11 in Shields
 14317 | Lair:3   | Noticed a death yak
 14324 | Lair:3   | Noticed a death yak
 14327 | Lair:3   | Noticed a death yak
 14337 | Lair:3   | Killed a death yak
 14347 | Lair:3   | Killed a death yak
 14357 | Lair:3   | Killed a death yak
 14375 | Lair:3   | Identified a scroll of acquirement
 14376 | Lair:3   | Acquired the ring of Avutazu {rPois rC+ Dex+3 SInv}
 14798 | Lair:4   | Found a snail-covered altar of Cheibriados.
 14877 | Lair:4   | Reached skill level 10 in Dodging
 15078 | Lair:4   | Acquired a manual of Shields
 15100 | Lair:4   | Found a runed translucent door.
 15101 | Lair:4   | Noticed PanSaczeczos's ghost (journeyman MfIE)
 15174 | Lair:4   | Noticed a seven-headed hydra
 15191 | Lair:4   | Killed a seven-headed hydra
 15211 | Lair:4   | Reached XP level 13. HP: 111/117 MP: 14/16
 15726 | Lair:4   | Killed PanSaczeczos's ghost
 15729 | Lair:4   | Reached skill level 12 in Shields
 15890 | Lair:5   | Reached **** piety under Makhleb
 16218 | Lair:5   | Reached skill level 5 in Evocations
 16682 | Lair:6   | Entered Level 6 of the Lair of Beasts
 16771 | Lair:6   | Reached skill level 13 in Shields
 16870 | Lair:6   | Noticed Josephine
 16898 | Lair:6   | Killed Josephine
 16899 | Lair:6   | Reached XP level 14. HP: 127/127 MP: 15/17
 17118 | Lair:6   | Got a vibrating silver amulet
 17127 | Lair:6   | Identified the amulet of Deoblepni {+Blink +Fly rF- Regen+
                  | Int+4} (You found it on level 6 of the Lair of Beasts)
 17207 | Lair:6   | Reached ***** piety under Makhleb
 17223 | Lair:6   | Reached skill level 14 in Shields
 17861 | Lair:6   | Found a viscous altar of Jiyva.
 17861 | Lair:6   | Found a staircase to the Slime Pits.
 18276 | Lair:6   | Acquired the +7 plate armour "Tiurph" {Harm rC+}
 18624 | D:10     | Killed Sonja
 18751 | D:11     | Noticed Snorg
 18757 | D:11     | Killed Snorg
 19718 | D:12     | Reached skill level 15 in Shields
 20236 | D:13     | Found a stormy altar of Qazlal.
 20527 | D:13     | Found a flagged portal.
 20628 | Bailey   | Entered a bailey
 20665 | Bailey   | Reached XP level 15. HP: 136/136 MP: 18/18
 20993 | Bailey   | Got a shimmering bardiche
 22258 | D:14     | Found a gate to the Vaults.
 22472 | D:15     | Entered Level 15 of the Dungeon
 22640 | D:15     | Found a staircase to the Depths.
 22689 | D:15     | Reached skill level 16 in Shields
 22731 | D:15     | Identified Roxanne's Catalogue of Earth
 22731 | D:15     | Noticed Roxanne
 23685 | Snake:1  | Entered Level 1 of the Snake Pit
 23864 | Lair:2   | HP: 4/139 [shock serpent/bolt of electricity (14)]
 23865 | Lair:2   | Killed from afar by a shock serpent

Illustrated notes

Levels and vault maps discovered:
D:1:      scummos_arrival_hexagon, layout_rooms, chequers_serial_rivers_small_3
D:2:      layout_loops_ring, lemuel_crystal_altar
D:3:      layout_basic, pdpol_wu_jian_five_deadly_venoms,
          amethyst_overflow_temple_binary,
          chequers_temple_overflow_statue_of_worship
D:4:      layout_basic, serial_shops, kennysheep_little_box, shop,
          nicolae_shop_stone, skrybe_limestone_x
D:5:      layout_basic, nicolae_overflow_hidden_temple, kennysheep_mini_moat,
          gammafunk_ghost_arena, serial_park_tiny_2
D:6:      layout_cave_pools, general_overflow_altar, hangedman_ru_absence,
          minmay_temple_entry_overgrown, serial_shops, nicolae_shop_stone,
          bh_walls_and_bars, uniq_blork_the_orc
D:7:      layout_gridville, uniq_prince_ribbit1
D:8:      layout_basic, grunt_gozag_statues,
          yredelemnul_forgotten_temple_becter, uniq_pikel, uniq_psyche
D:9:      layout_basic, zombieorc2_lemuel
D:10:     gammafunk_cloud_chamber, layout_gridville, erik_lair_dragon,
          uniq_nergalle, uniq_sonja
D:11:     layout_irregular_city, uniq_snorg
D:12:     layout_loops_ring
D:13:     layout_basic, basic_altar, enter_bailey_5
D:14:     layout_irregular_city, erik_vaults_2, chequers_garden,
          grunt_ministairs_9
D:15:     hangedman_depths_entry_civil_slaughter, layout_rooms,
          hangedman_abyss_or_decor_passed, uniq_roxanne
Lair:1:   beast_lair_carwin_large_3, layout_loops_ring, serial_bayou_shore_a,
          minmay_lair_oklob_chamber, uniq_fannar, uniq_harold
Lair:2:   layout_chaotic_city, elwin_shoals_entry_stream,
          minmay_snake_entry_guardpost_small, minivault_23, uniq_erica,
          uniq_gastronok
Lair:3:   layout_regular_city, serial_bayou_lagoon_a, lemuel_fruit_fields,
          grunt_megastairs_4
Lair:4:   layout_regular_city, ebering_ghost_inner_flame,
          kennysheep_snail_temple
Lair:5:   layout_regular_city, grunt_forest_stairs_basic, kennysheep_rathole,
          grunt_megastairs_5
Lair:6:   evilmike_catoblepas_cave, layout_loops_ring,
          dpeg_slime_entry_enclosed_altar, roderic_batcave,
          chequers_serial_rivers_marsh, kennysheep_abandoned_house,
          uniq_josephine
Snake:1:  layout_layer_cave, uniq_jorgrun, uniq_azrael, uniq_kirke, uniq_aizul,
          uniq_donald

Skill      XL: |  1  2  3  4  5  6  7  8  9 10 11 12 13 14 15 |
---------------+----------------------------------------------+-----
Fighting       | 4 5 6 7 8 9 10 11 12 13 14 | 14.8
Shields        | 4 5 6 7 8 9 10 11 13 15 16 | 16.4
Axes           | 3 4 5 6 8 9 10 11 12 13 | 13.9
Armour         | 4 5 6 7 8 9 10 11 12 13 14 | 14.2
Dodging        | 1 2 3 4 5 6 7 9 10 11 12 | 12.7
Invocations    | 3 4 5 |  5.7
Evocations     | 1 4 6 7 8 |  8.0

Action                   |  1- 3 |  4- 6 |  7- 9 | 10-12 | 13-15 || total
-------------------------+-------+-------+-------+-------+-------++-------
Melee: War axe           |    67 |   149 |    35 |   472 |   847 ||  1570
       Headbutt          |     6 |    22 |    44 |   163 |   249 ||   484
       Hand axe          |       |       |   256 |   121 |       ||   377
       Unarmed           |       |       |       |     2 |       ||     2
       Whip              |       |       |       |     8 |    28 ||    36
Invok: Lesser Servant of |       |       |       |    15 |    35 ||    50
       Minor Destruction |       |       |       |    14 |       ||    14
 Abil: Evoke Blink       |       |       |       |       |     5 ||     5
       Evoke Flight      |       |       |       |       |     3 ||     3
       Stop Flying       |       |       |       |       |     1 ||     1
  Use: Potion            |       |     9 |     1 |     8 |     5 ||    23
       Scroll            |       |     6 |    10 |    16 |     8 ||    40
 Stab: Distracted        |       |       |       |     1 |    10 ||    11
Armor: Scale mail        |    24 |       |       |       |       ||    24
       Plate armour      |    21 |    91 |   186 |   267 |   406 ||   971
Dodge: Dodged            |    24 |    28 |    74 |   214 |   398 ||   738
Block: Kite shield       |    33 |    73 |   313 |   447 |   738 ||  1604
       Reflection        |       |       |     9 |    23 |       ||    32
